 Dungeon Crawl Stone Soup version 0.26-a0-264-g3a471323bd (webtiles) character file.

Game seed: 12434072874539499783

176 BritishOli the Covered (level 5, -6/41 HPs)
             Began as a Demonspawn Fighter on July 11, 2020.
             Killed by divine providence
             ... invoked by an orc priest
              (8 damage)
             ... on level 2 of the Dungeon.
             The game lasted 00:02:30 (2041 turns).

BritishOli the Covered (Demonspawn Fighter)         Turns: 2041, Time: 00:02:31

Health: -6/41      AC:  7    Str: 17    XL:     5   Next: 30%
Magic:  5/5        EV:  7    Int: 10    God:
Gold:   106        SH:  9    Dex: 12    Spells: 4/4 levels left

rFire    + . .     SeeInvis .   a - +0 long sword
rCold    + . .     Faith    .   c - +0 kite shield
rNeg     + . .     Spirit   .   b - +0 scale mail
rPois    +         Reflect  .   (no helmet)
rElec    +         Harm     .   (no cloak)
rCorr    +                      (no gloves)
MR       .....                  (no boots)
Stlth    +.........             (no amulet)
HPRegen  0.13/turn              h - ring of stealth
MPRegen  0.09/turn              i - ring of positive energy

@: resistant, flying
A: powered by death 1
a: no special abilities


You were on level 2 of the Dungeon.
You were not hungry.

You visited 1 branch of the dungeon, and saw 3 of its levels.

You collected 106 gold pieces.

Inventory:

Hand Weapons
 a - a +0 long sword (weapon)
Armour
 b - a +0 scale mail (worn)
 c - a +0 kite shield (worn)
Jewellery
 h - a ring of stealth (left hand)
 i - a ring of positive energy (right hand)
Scrolls
 g - 2 scrolls of fear {unknown}
 k - 3 scrolls of enchant weapon {unknown}
 l - 2 scrolls of remove curse {unknown}
 o - 2 scrolls of teleportation {unknown}
Potions
 d - 2 potions of might
 e - a potion of curing {unknown}
 j - 2 potions of stabbing {unknown}
 m - a potion of resistance
 n - a potion of lignification {unknown}
 p - 2 potions of flight
 q - a potion of invisibility {unknown}
Comestibles
 f - 9 rations


   Skills:
 + Level 3.6 Fighting
 * Level 3.2 Long Blades
 * Level 3.8 Armour
 + Level 3.3 Shields


You had 4 spell levels left.
You didn't know any spells.
Your spell library was empty.

Dungeon Overview and Level Annotations

Branches:
Dungeon (3/15)

Altars:
Makhleb


Innate Abilities, Weirdness & Mutations

You regenerate a little health from kills.


Message History

The orc hits you but does no damage.
Your shield and scale mail prevent you from hitting the orc.
The orc is heavily wounded.
You block the orc's attack.
You closely miss the orc.
The orc is heavily wounded.
You block the orc's attack.
Your shield and scale mail prevent you from hitting the orc.
The orc is heavily wounded.
The orc priest looks encouraged for a moment.
The orc hits you with a +0 war axe.
* * * LOW HITPOINT WARNING * * *
It was a potion of flight.
You feel very buoyant.
You fly up into the air.
You block the orc's attack.
It was a potion of resistance.
You feel protected.
The orc priest calls down the wrath of Beogh upon you.
Beogh smites you!
You die...

######## ##......#
#...###.##########
....#............#
.>.......#######.#
#####.#..# #.# #.#..# #.#
#.#..# #@# #.#..#######o###
#####.#........oo>.#######
.((.)....................#
###.(...######.#.#.#####.##
#.#.#....# #.#.#.####...###
#.#.####.###.#.#..........#
#.#............######...#.#
#.######.###.### ##.##.#


You could see an orc priest and 2 orcs.

Vanquished Creatures
  A crimson imp (D:2)
  An orc wizard (D:2)
  Jessica (D:1)
  Robin (D:1)
  An adder (D:2)
  A dart slug (D:2)
  4 giant cockroaches
  17 goblins
  5 hobgoblins
  4 jackals (D:1)
  3 kobolds
  A quokka (D:2)
  3 ball pythons
  7 bats
  6 frilled lizards
  7 rats
63 creatures vanquished.

Notes
Turn   | Place    | Note
-------+----------+-------------------------------------------
     0 | D:1      | BritishOli the Demonspawn Fighter began the quest for the
                  | Orb.
     0 | D:1      | Reached XP level 1. HP: 18/18 MP: 1/1
   272 | D:1      | Gained mutation: You regenerate a little health from kills.
                  | [demonic ancestry]
   272 | D:1      | Reached XP level 2. HP: 13/24 MP: 2/2
   892 | D:1      | Reached XP level 3. HP: 25/29 MP: 3/3
  1024 | D:2      | Noticed Jessica
  1026 | D:2      | Noticed Robin
  1049 | D:1      | Killed Jessica
  1073 | D:1      | Killed Robin
  1073 | D:1      | Reached XP level 4. HP: 35/35 MP: 4/4
  1525 | D:2      | Found a burning altar of Makhleb.
  1604 | D:2      | Reached XP level 5. HP: 38/41 MP: 5/5
  2039 | D:2      | HP: 1/41 [orc/+0 war axe (6)]
  2041 | D:2      | Killed from afar by an orc priest

Illustrated notes

Levels and vault maps discovered:
D:1:      lemuel_arrival_funnel, layout_basic
D:2:      layout_loops_ring, makhleb_grotto_becter, uniq_jessica, uniq_robin
D:3:      layout_rooms, first_ration

Skill      XL: |  1  2  3  4 |
---------------+-------------+-----
Long Blades    | 2 3 |  3.2
Armour         | 3 |  3.8
Shields        | 3 |  3.3
Fighting       | |  3.6

Action                   |  1- 3 |  4- 6 || total
-------------------------+-------+-------++-------
Melee: Long sword        |   114 |   151 ||   265
  Use: Potion            |       |     2 ||     2
  Eat: Ration            |       |     1 ||     1
Armor: Scale mail        |    69 |    73 ||   142
Dodge: Dodged            |    36 |    35 ||    71
Block: Kite shield       |    71 |    81 ||   152
       Rpst.: Long sword |     8 |    14 ||    22

Table legend:
 A = Non-vault XP
 B = Vault XP
 C = Vault XP percentage of total XP
 D = Non-vault monster count
 E = Vault monster count
 F = Vault count percentage of total count
                 A         B        C        D         E       F
            +---------+---------+-------+---------+---------+-------
      Total |     126 |     126 |  50.0 |      48 |      15 |  23.8
            +---------+---------+-------+---------+---------+-------
        D:1 |      43 |      61 |  58.7 |      28 |       6 |  17.6
        D:2 |      81 |      65 |  44.5 |      19 |       9 |  32.1
        D:3 |       2 |       0 |   0.0 |       1 |       0 |   0.0
            +---------+---------+-------+---------+---------+-------
